 Dungeon Sprint DCSS version 0.30.1-11-g7821555f0a (webtiles) character file.

Game seed: 18016680034402296739

250 Groucho the Magician (level 5, -3/32 HPs)
             Began as a Deep Elf Earth Elementalist on Jan 3, 2024.
             Was an Elder of Sif Muna.
             Slain by a warg (11 damage)
             ... in the Dungeon (Sprint VII: "The Pits").
             The game lasted 00:03:16 (1231 turns).

Groucho the Magician (Deep Elf Earth Elementalist)  Turns: 1231, Time: 00:03:18

Health: -3/32      AC:  2    Str:  5    XL:     5   Next: 88%
Magic:  14/17      EV: 12    Int: 22    God:    Sif Muna [****..]
Gold:   0          SH:  0    Dex: 15    Spells: 11/19 levels left

rFire   . . .        l - +2 dagger (venom)
rCold   . . .        (no shield)
rNeg    . . .        a - +0 robe
rPois   .            (no helmet)
rElec   .            (no cloak)
rCorr   .            (no gloves)
SInv    .            (no boots)
Will    .....        (no amulet)
Stlth   +++          (no ring)
HPRegen 0.25/turn    (no ring)
MPRegen 0.15/turn

%: no teleportation
@: no status effects
A: no striking features
a: Renounce Religion, Channel Magic, Forget Spell, Divine Exegesis


You were in the Dungeon.
You worshipped Sif Muna.
Sif Muna was greatly pleased with you.
You visited 1 branch

Inventory:

Hand Weapons
 h - a +2 dagger
 l - a +2 dagger of venom (weapon)
Armour
 a - a +0 robe (worn)
 d - a +3 ring mail
Scrolls
 g - a scroll of blinking
 j - 5 scrolls of amnesia
 k - a scroll of summoning
Potions
 b - 3 potions of magic
 c - 6 potions of curing
 e - 3 potions of heal wounds
 f - 3 potions of berserk rage
 i - a potion of invisibility


   Skills:
 - Level 3.0 Fighting
 - Level 5.0 Short Blades
 - Level 2.4 Dodging
 - Level 5.0 Stealth
 + Level 7.5 Spellcasting
 + Level 5.6 Conjurations
 + Level 3.4 Transmutations
 + Level 6.7 Earth Magic


You had 11 spell levels left.
You knew the following spells:

 Your Spells              Type           Power      Damage    Failure   Level
a - Sandblast             Erth           76%        2d16      1%          1
b - Stone Arrow           Conj/Erth      70%        3d11      1%          3
c - Petrify               Tmut/Erth      30%        N/A       10%         4

Your spell library contained the following spells:

 Spells                   Type           Power      Damage    Failure   Level
 Passwall                 Tmut/Erth      25%        N/A       1%          2


Dungeon Overview and Level Annotations

Branches:
Dungeon (1/1)

Altars:
Ashenzari
Cheibriados
Dithmenos
Elyvilon
Fedhas
Gozag
Hepliaklqana
Kikubaaqudgha
Makhleb
Nemelex Xobeh
Okawaru
Qazlal
Ru
Sif Muna
Trog
Uskayaw
Vehumet
Wu Jian
Xom
Yredelemnul
Zin
The Shining One
Jiyva
Lugonu


Message History

The jackal is heavily wounded.
The jackal barks!
You kill the jackal!
Sif Muna accepts your kill.
Unknown command.
Unknown command.
The quasit barely misses you. The quasit claws you.
You feel clumsy. The quasit closely misses you.
Things that are here:
a +0 glaive; a +0 robe; the orc corpse of Blork the orc You strike the helpless quasit from behind!
You impale the quasit!!
You kill the quasit!
Sif Muna accepts your kill.
You feel your dexterity returning.
Your Transmutations skill increases to level 3!
You hit the jackal but do no damage.
The jackal is poisoned.
The jackal misses you.
Unknown command.
You hit the jackal.
You kill the jackal!
Sif Muna accepts your kill.
You see here a jackal corpse.
Unknown command.
Unknown command.
There is an open door here.
You flicker for a moment.
You open the door.
A warg comes into view.
You flicker back into view.
Casting: Sandblast (safe; 1% risk of failure)
Confirm with . or Enter, or press ? or * to list all spells.
Aiming: Stone Arrow (safe; 1% risk of failure)
Press: ? - help, Shift-Dir - straight line, f - warg
Aim: a warg (67% to hit)
The warg bites you!
* * * LOW HITPOINT WARNING * * *
The warg bites you!
You die...

#†#...)))..##.......#
#.#..[.))..##.......#
#'###########.......#
#..#.#.## #########
#.......# ##.#.#.##
#.......# ##.#.#.##
#......@# ##.#.#..h.#
##########


You could see a warg.

Vanquished Creatures
  Edmund (D)
  Blork the orc (D)
  A quasit (D)
  A river rat (D)
  2 adders (D)
  2 bat zombies (D)
  A hobgoblin (D)
  5 jackals (D)
  A frilled lizard (D)
  A giant cockroach zombie (D)
  A kobold (D)
  2 rats (D)
19 creatures vanquished.

Notes
Turn   | Place    | Note
-------+----------+-------------------------------------------
     0 | D        | Groucho the Deep Elf Earth Elementalist began the quest for
                  | the Orb.
     0 | D        | Reached XP level 1. HP: 10/10 MP: 6/6
    36 | D        | Found a glowing golden altar of the Shining One.
    36 | D        | Found a glowing silver altar of Zin.
    36 | D        | Found a basalt altar of Yredelemnul.
    36 | D        | Found a shimmering altar of Xom.
    36 | D        | Found an ornate altar of the Wu Jian Council.
    36 | D        | Found a bloodstained altar of Trog.
    36 | D        | Found a shimmering blue altar of Sif Muna.
    36 | D        | Found a sacrificial altar of Ru.
    36 | D        | Found a stormy altar of Qazlal.
    36 | D        | Found an iron altar of Okawaru.
    36 | D        | Found a sparkling altar of Nemelex Xobeh.
    36 | D        | Found a burning altar of Makhleb.
    36 | D        | Found a viscous altar of Jiyva.
    36 | D        | Found a hazy altar of Hepliaklqana.
    36 | D        | Found an opulent altar of Gozag.
    36 | D        | Found a blossoming altar of Fedhas.
    36 | D        | Found a white marble altar of Elyvilon.
    36 | D        | Found a shadowy altar of Dithmenos.
    36 | D        | Found a snail-covered altar of Cheibriados.
    37 | D        | Found a radiant altar of Vehumet.
    37 | D        | Found a corrupted altar of Lugonu.
    38 | D        | Found an ancient bone altar of Kikubaaqudgha.
    38 | D        | Found a hide-covered altar of Uskayaw.
    38 | D        | Found a broken altar of Ashenzari.
    39 | D        | Became a worshipper of Sif Muna the Loreminder
   253 | D        | Reached * piety under Sif Muna
   254 | D        | Reached skill level 1 in Fighting
   254 | D        | Reached skill level 1 in Short Blades
   254 | D        | Reached skill level 1 in Conjurations
   254 | D        | Reached XP level 2. HP: 6/16 MP: 1/8
   792 | D        | Noticed Edmund
   820 | D        | Reached ** piety under Sif Muna
   821 | D        | Reached skill level 4 in Spellcasting
   851 | D        | Reached XP level 3. HP: 21/21 MP: 1/10
   862 | D        | Killed Edmund
   863 | D        | Reached skill level 5 in Stealth
   863 | D        | Reached skill level 6 in Spellcasting
   863 | D        | Reached skill level 5 in Earth Magic
   863 | D        | Reached XP level 4. HP: 28/28 MP: 9/14
   863 | D        | Reached XP level 5. HP: 32/32 MP: 9/15
  1136 | D        | Learned a level 3 spell: Stone Arrow
  1141 | D        | Learned a level 4 spell: Petrify
  1192 | D        | Noticed Blork the orc
  1198 | D        | Reached *** piety under Sif Muna
  1206 | D        | Reached **** piety under Sif Muna
  1215 | D        | Killed Blork the orc
  1216 | D        | Reached skill level 5 in Short Blades
  1216 | D        | Reached skill level 7 in Spellcasting
  1216 | D        | Reached skill level 5 in Conjurations
  1230 | D        | Noticed a warg
  1231 | D        | Slain by a warg

Illustrated notes

Levels and vault maps discovered:
D:        pitsprint [storerooms_1, entrance_room_1, metal_vault_4, armoury_2,
          mini_pit_1, grid_room_1, main_hall_1, silver_pit, the_coven_3,
          the_vestibule_1, steel_vault_3, golden_pit, hallway_of_sentries,
          crystal_vault_4, iron_vault_4, final_vault]

Skill      XL: |  1  2  3  4  5 |
---------------+----------------+-----
Fighting       | 1 3 |  3.0
Short Blades   | 1 2 4 5 |  5.0
Stealth        | 3 4 5 |  5.0
Conjurations   | 1 2 4 5 |  5.6
Earth Magic    | 4 5 6 |  6.7
Spellcasting   | 4 6 7 |  7.5
Transmutations | 3 |  3.4
Dodging        | |  2.4

Action                     |  1- 3 |  4- 6 || total
---------------------------+-------+-------++-------
  Melee: Dagger            |     1 |    12 ||    13
   Cast: Sandblast         |    26 |     2 ||    28
         Stone Arrow       |       |     4 ||     4
         Petrify           |       |     1 ||     1
    Use: Potion            |     3 |     4 ||     7
   Stab: Invisible         |       |     2 ||     2
 Armour: Robe              |     2 |     1 ||     3
  Dodge: Dodged            |    10 |    11 ||    21
